AoeStats
← CHRIS

Glade

510865263Analyzed
1v1 RM · 6h ago on Oct 2, 2026· 42m 54s· 2 players
Game mode
Random Map
Map size
Tiny (2 player)
Population
200
Speed
Normal
Resources
Standard
Victory
Conquest
Starting age
Dark Age
Ending age
Imperial Age
RankedLock teamsTeams togetherTeam positionsShared explorationLock speedFull tech treeHidden civsTurbo modeCheats
Victory
Defeat
🇲🇽 Britons · Mexico
1278
+15
🇺🇸 Magyars · United States
1251
-15
CHRIS
4:58 Loom
9:05 Feudal Age
19:45 Castle Age
18:27 Double-Bit Axe
18:55 Bloodlines
18:31 Double-Bit Axe
20:50 Husbandry
20:57 Padded Archer Armor
20:47 Fletching
22:27 Town Watch
25:00 Bodkin Arrow
27:07 Wheelbarrow
39:58 Imperial Age
38:40 Scale Barding Armor
Daniel
6:44 Loom
8:58 Feudal Age
10:11 Double-Bit Axe
11:16 Town Watch
12:52 Fletching
19:30 Castle Age
17:35 Horse Collar
18:13 Gold Mining
20:06 Bodkin Arrow
19:39 Crossbowman
20:44 Padded Archer Armor
25:17 Wheelbarrow
26:22 Gold Shaft Mining
29:49 Town Patrol
30:04 Bow Saw
33:37 Ballistics
36:28 Imperial Age
37:16 Bracer
36:40 Arbalester
39:22 Chemistry
39:01 Hand Cart
40:09 Conscription
41:26 Stone Mining
Connection lost

Rejoining the realm…

Still unreachable

The connection could not be restored.

Session expired

The server has moved on; the page needs a fresh start.